 Dungeon Crawl Stone Soup version 0.31-a0-662-g684573625c (webtiles) character file.

Game seed: 6148841933275632289

59 jlumianski the Trooper (level 3, 0/29 HPs)
             Began as a Demonspawn Fighter on Aug 31, 2023.
             Slain by Crazy Yiuf
             ... wielding a +2 quarterstaff of chaos
              (12 damage)
             ... on level 2 of the Dungeon.
             The game lasted 00:04:07 (1059 turns).

jlumianski the Trooper (Demonspawn Fighter)         Turns: 1059, Time: 00:04:07

Health: 0/29       AC: 12    Str: 18    XL:     3   Next: 78%
Magic:  3/3        EV:  5    Int:  9    God:
Gold:   78         SH:  4    Dex: 12    Spells: 2/2 levels left

rFire   . . .        a - +0 war axe
rCold   . . .        c - +0 buckler
rNeg    . . .        q - +0 plate armour
rPois   .            (no helmet)
rElec   .            (no cloak)
rCorr   .            (no gloves)
SInv    .            (no boots)
Will    .....        (no amulet) Stlth
                     (no ring)
HPRegen 0.24/turn    (no ring)
MPRegen 0.08/turn

%: no passive effects
@: mighty
A: sharp scales 1
a: no special abilities


You were on level 2 of the Dungeon.
You visited 1 branch of the dungeon, and saw 4 of its levels.

You collected 78 gold pieces.

Inventory:

Hand Weapons
 a - a +0 war axe (weapon)
Missiles
 e - 3 poisoned darts (quivered)
 k - 21 stones
 l - 2 boomerangs
 n - 5 darts of dispersal
 r - 6 javelins
Armour
 b - a +0 scale mail
 c - a +0 buckler (worn)
 q - a +0 plate armour (worn)
Magical Staves
 m - a staff of earth
Jewellery
 j - a ring of wizardry
Talismans
 f - a beast talisman
Scrolls
 g - a scroll of enchant armour {unknown}
 p - a scroll of identify {unknown}
Potions
 h - a potion of berserk rage {unknown}
 i - a potion of attraction {unknown}
 o - a potion of degeneration {unknown}


   Skills:
 + Level 3.3 Fighting
 + Level 2.4 Axes
 + Level 3.3 Armour
 + Level 0.3 Dodging
 + Level 3.0 Shields


You had 2 spell levels left.
You didn't know any spells.
Your spell library was empty.

Dungeon Overview and Level Annotations

Branches:
Dungeon (4/15)
 Temple: D:4-7

Altars:

Annotations:
D:2 Crazy Yiuf
D:3 1 runed translucent door, ninjaread99's ghost, amateur DrCj


Innate Abilities, Weirdness & Mutations

You are partially covered in razor-sharp scales. (AC +1, Slay +1)


Message History

You slash the hobgoblin!
You kill the hobgoblin!
You see here 3 javelins.
You see here 3 javelins.
r - 3 javelins
Found 15 gold pieces.
You now have 48 gold pieces (gained 16).
r - 6 javelins (gained 3)
You now have 63 gold pieces (gained 15).
You now have 78 gold pieces (gained 15).
Found a runed translucent door.
Found 17 gold pieces.
Ninjaread99's ghost turns its malevolent gaze towards you.
There is a stone staircase leading down here.
You climb downwards.
There is a stone staircase leading up here.
You climb upwards.
Level annotation: 1 runed translucent door, ninjaread99's ghost, amateur DrCj
There is a stone staircase leading down here.
There is a stone staircase leading up here.
You climb upwards.
Level annotation: 1 runed translucent door, Crazy Yiuf
There is a stone staircase leading down here.
There is a stone staircase leading down here.
Things that are here:
a +0 club; a goblin corpse Crazy Yiuf shouts!
Could not explore, unopened runed door.
You feel very mighty all of a sudden.
You open the door. You hit Crazy Yiuf.
Crazy Yiuf is moderately wounded.
Crazy Yiuf hits you with a +2 quarterstaff of chaos.
Crazy Yiuf freezes you.
You hit Crazy Yiuf.
Crazy Yiuf is heavily wounded.
Crazy Yiuf hits you with a +2 quarterstaff of chaos!
You feel mightier all of a sudden.
Crazy Yiuf hits you with a +2 quarterstaff of chaos!
You die...

#..........####....
########...# #....
#...# #)... #####
#..## #.... #..)#
#..# ###.. #...#
##.# #.. ... #.#
#.. #g# ##.# ####..
♣♣@♣ #..## #.....
♣.♣♣ #...###.#...
♣♣.♣ ##..#......#
♣.♣♣ #....).#..#
♣♣.♣♣ ##.....##.##
♣...♣♣ #<...###..##
♣P♣..♣ #....# #.#..
##..## ####.###....
#....#### #.##.....


You could see Crazy Yiuf.

Vanquished Creatures
  2 adders (D:2)
  A worm (D:2)
  2 orcs (D:2)
  3 ball pythons
  3 endoplasms
  2 giant cockroaches (D:2)
  2 goblins (D:2)
  3 hobgoblins
  2 jackals (D:1)
  3 quokkas
  4 bats
  3 frilled lizards
  2 kobolds
  A rat (D:2)
33 creatures vanquished.

Notes
Turn   | Place    | Note
-------+----------+-------------------------------------------
     0 | D:1      | jlumianski the Demonspawn Fighter began the quest for the
                  | Orb.
     0 | D:1      | Reached XP level 1. HP: 18/18 MP: 1/1
   140 | D:2      | Gained mutation: You are partially covered in razor-sharp
                  | scales. (AC +1, Slay +1) [demonic ancestry]
   140 | D:2      | Reached XP level 2. HP: 23/24 MP: 2/2
   338 | D:2      | Reached XP level 3. HP: 24/29 MP: 3/3
   716 | D:2      | Found a runed translucent door.
   717 | D:2      | Noticed Crazy Yiuf
   881 | D:3      | Found a runed translucent door.
   882 | D:3      | Noticed ninjaread99's ghost (amateur DrCj)
  1059 | D:2      | Slain by Crazy Yiuf

Illustrated notes

Levels and vault maps discovered:
D:1:      nzn_arrival_crosshair, layout_basic
D:2:      layout_rooms, grunt_decor_mini_mirrors, uniq_crazy_yiuf_cottage
D:3:      layout_basic, trog_hazing_becter, vehumet_altar_wand_db,
          mainiacjoe_overflow_two_lobes, ebering_ghost_reflecting_pool,
          dreamdust_ecumenical_altar_sealed_demon
D:4:      layout_basic, temple_doors_ab

Skill      XL: |  1  2  3 |
---------------+----------+-----
Armour         | 3 |  3.3
Axes           | 2 |  2.4
Shields        | 3 |  3.0
Fighting       | |  3.3
Dodging        | |  0.3

Action                     || total
---------------------------++-------
  Melee: War axe           ||   101
    Use: Potion            ||     1
 Armour: Scale mail        ||    83
         Plate armour      ||     6
  Dodge: Dodged            ||    44
  Block: Buckler           ||    25

Table legend: (Time is in decaauts)
 A = Elapsed time spent in this place.
 B = Non-inter-level travel time spent in this place.
 C = Inter-level travel time spent in this place.
 D = Time resting spent in this place.
 E = Time spent auto-exploring this place.
 F = Levels seen in this place.
 G = Mean time per level.
                   A        B        C        D        E       F      G
               +--------+--------+--------+--------+--------+-----+--------+
         Total |   1104 |   1104 |      0 |      0 |    438 |   4 |  276.0 |
       Dungeon |   1104 |   1104 |      0 |      0 |    438 |   4 |  276.0 |
               +--------+--------+--------+--------+--------+-----+--------+

Top non-repeatable levels by time:
     D:2: 700 daAuts
     D:1: 256 daAuts
     D:3: 146 daAuts
     D:4: 1 daAuts
